 Dungeon Crawl Stone Soup version 0.29-a0-664-gff9cad4a3d (webtiles) character file.

Game seed: 3367663870378062821

109 happo123 the Gusty (level 4, -5/25 HPs)
             Began as a Tengu Air Elementalist on June 22, 2022.
             Killed by divine providence
             ... invoked by an orc priest
              (13 damage)
             ... on level 4 of the Dungeon.
             The game lasted 00:17:02 (2398 turns).

happo123 the Gusty (Tengu Air Elementalist)         Turns: 2398, Time: 00:17:03

Health: -5/25      AC:  5    Str:  8    XL:     4   Next: 89%
Magic:  3/8        EV: 12    Int: 17    God:
Gold:   177        SH:  0    Dex: 15    Spells: 1/7 levels left

rFire   + . .      SeeInvis .   o - +0 short sword (drain)
rCold   x . .      Faith    .   (no shield)
rNeg    . . .      Spirit   .   j - +2 leather armour {Will+}
rPois   .          Reflect  .   (helmet restricted)
rElec   .          Harm     .   (no cloak)
rCorr   .          Rampage  .   (no gloves)
Will    +....                   (boots unavailable)
Stlth   ++........              (no amulet)
HPRegen 0.08/turn               s - ring of fire
MPRegen 0.11/turn               (no ring)

@: no status effects
A: beak, talons 3
a: no special abilities


You were on level 4 of the Dungeon.
You visited 1 branch of the dungeon, and saw 4 of its levels.

You collected 177 gold pieces.

Inventory:

Hand Weapons
 d - a +0 dagger
 o - a +0 short sword of draining (weapon)
Armour
 a - a +0 robe
 j - a +2 leather armour of willpower (worn)
Magical Staves
 u - a staff of fire
Jewellery
 f - an amulet of faith
 s - a ring of fire (left hand)
Scrolls
 h - a scroll of noise {unknown}
 i - a scroll of enchant armour {unknown}
 k - 2 scrolls of summoning {unknown}
 l - 2 scrolls of poison {unknown}
 m - 3 scrolls of identify {unknown}
 n - a scroll of immolation {unknown}
 p - a scroll of magic mapping {unknown}
 q - a scroll of vulnerability {unknown}
 r - a scroll of brand weapon {unknown}
Potions
 b - a potion of magic
 c - 3 potions of lignification {unknown}
 e - 2 potions of brilliance {unknown}
 g - 2 potions of might {unknown}
 t - 3 potions of curing {unknown}


   Skills:
 + Level 1.4 Fighting
 + Level 2.7 Dodging
 + Level 2.5 Stealth
 + Level 2.3 Spellcasting
 * Level 3.0 Conjurations
 * Level 5.1 Air Magic


You had one spell level left.
You knew the following spells:

 Your Spells              Type           Power      Damage    Failure   Level
a - Shock                 Conj/Air       60%        1d6       5%          1
b - Static Discharge      Conj/Air       15%        N/A       8%          2
c - Swiftness             Air            19%        N/A       10%         3

Your spell library contained the following spells:

 Spells                   Type           Power      Damage    Failure   Level
 Necrotize                Necr           8%         1d4       26%         1
 Airstrike                Air            9%         N/A       32%         4
 Gell's Gravitas          Tloc           2%         N/A       63%         3
 Lesser Beckoning         Tloc           2%         N/A       63%         3
 Teleport Other           Tloc           2%         N/A       63%         3
 Vampiric Draining        Necr           2%         2d6       63%         3
 Agony                    Necr           2%         N/A       100%        5


Dungeon Overview and Level Annotations

Branches:
Dungeon (4/15)
 Temple: D:4-7

Altars:
Ru

Shops:
D:2 ![[**

Annotations:
D:4 3 runed translucent doors, shoop's ghost, amateur MeTm


Innate Abilities, Weirdness & Mutations

You have a beak for a mouth.
You have claws for feet.


Message History

The zap hits the giant cockroach.
You kill the giant cockroach!
t - 3 blue potions (gained 1) Magic restored.
Found a runed translucent gate.
Shoop's ghost turns its malevolent gaze towards you.
You hear a shout!
The kobold shouts!
Found a scroll labelled FYJEEFA OHUSAU and a plate armour.
The kobold brigand shouts!
The kobold shouts! x2
The kobold shouts!
Found a stone staircase leading down.
An orc priest and an ufetubus come into view.
The orc priest shouts!
An orc comes into view. It is wielding a +0 mace.
Aiming: Shock (safe; 5% risk of failure)
Press: ? - help, Q - select action, (/) - cycle Shift-Dir - straight line
Okay, then.
Aiming: Shock (safe; 5% risk of failure)
Press: ? - help, Q - select action, (/) - cycle Shift-Dir - straight line The zap hits the orc priest.
The orc priest is moderately wounded.
Casting: Shock (safe; 5% risk of failure)
Confirm with . or Enter, or press ? or * to list all spells.
The orc priest is struck by an arc of lightning.
The orc priest is severely wounded.
The lightning grounds out.
The orc priest mumbles some strange prayers to Beogh against you.
Beogh smites you!
Ouch! That really hurt!
You hear a shout!
Casting: Static Discharge (safe; 8% risk of failure)
Confirm with . or Enter, or press ? or * to list all spells.
The orc priest is struck by an arc of lightning.
The orc priest is almost dead.
You are struck by an arc of lightning.
The lightning grounds out.
You hear a shout!
The orc priest invokes the aid of Beogh against you.
Beogh smites you!
Ouch! That really hurt!
You die...

#########......#
########..........#####
o........#####....###
##o..>.............####
5..###........####.....
####.####..########
####.. #....#....##
####.# ........####
##....# 5###.##..o@#
#..#### .. ####.# #.##
. #... ##.#
######.####..####
#..........#
##.........##
............#
....####....# ####
#.....#


You could see an orc priest.

Vanquished Creatures
  6 adders
  A dart slug (D:1)
  6 ball pythons
  4 endoplasms
  4 giant cockroaches
  6 goblins
  A hobgoblin (D:3)
  A jackal (D:2)
  5 kobolds
  4 quokkas
  6 bats
  5 frilled lizards
  5 rats
54 creatures vanquished.

Notes
Turn   | Place    | Note
-------+----------+-------------------------------------------
     0 | D:1      | happo123 the Tengu Air Elementalist began the quest for the
                  | Orb.
     0 | D:1      | Reached XP level 1. HP: 10/10 MP: 4/4
    39 | D:1      | Reached XP level 2. HP: 13/15 MP: 0/6
    44 | D:1      | Learned a level 2 spell: Static Discharge
   153 | D:1      | Found a faded altar of an unknown god.
   434 | D:2      | Found Zatzulawk's Armour Shop.
   436 | D:2      | Reached XP level 3. HP: 20/20 MP: 7/7
   481 | D:2      | Found a sacrificial altar of Ru.
   533 | D:2      | Reached skill level 1 in Fighting
   573 | D:2      | Found Koriaron's Assorted Antiques.
   591 | D:2      | Reached XP level 4. HP: 22/25 MP: 0/8
   600 | D:2      | Learned a level 3 spell: Swiftness
   672 | D:2      | Found Wotzuili's Assorted Antiques.
   765 | D:2      | Found Xiroh's Antique Armour Shop.
   855 | D:2      | Found Afyagguu's Distillery.
  1533 | D:3      | Reached skill level 5 in Air Magic
  2337 | D:4      | Found a runed translucent gate.
  2337 | D:4      | Found a runed translucent gate.
  2338 | D:4      | Found a runed translucent gate.
  2338 | D:4      | Noticed shoop's ghost (amateur MeTm)
  2339 | D:4      | Noticed a kobold brigand
  2398 | D:4      | Killed from afar by an orc priest

Illustrated notes

Levels and vault maps discovered:
D:1:      minmay_arrival_radiant_lines, layout_rooms, basic_ecumenical_altar
D:2:      layout_basic, serial_shops, shop, shop, shop, shop, shop_statue,
          basic_altar, minmay_pentomino_q4
D:3:      layout_basic
D:4:      layout_rooms, grunt_gozag_breadcrumbs, gammafunk_ghost_nasty_kobolds,
          nrook_mini_backslash

Skill      XL: |  1  2  3  4 |
---------------+-------------+-----
Conjurations   | 2 3 |  3.0
Fighting       | 1 |  1.4
Air Magic      | 5 |  5.1
Dodging        | |  2.7
Stealth        | |  2.5
Spellcasting   | |  2.3

Action                   |  1- 3 |  4- 6 || total
-------------------------+-------+-------++-------
Melee: Dagger            |    12 |     4 ||    16
       Unarmed           |     2 |       ||     2
       Kick              |     5 |     6 ||    11
       Peck              |     2 |     5 ||     7
       Short sword       |       |    26 ||    26
 Cast: Shock             |    27 |    15 ||    42
       Static Discharge  |     3 |     7 ||    10
 Stab: Sleeping          |     2 |     2 ||     4
Armor: Robe              |     5 |       ||     5
       Leather armour    |     6 |     7 ||    13
Dodge: Dodged            |    17 |    15 ||    32

Table legend: (Time is in decaauts)
 A = Elapsed time spent in this place.
 B = Non-inter-level travel time spent in this place.
 C = Inter-level travel time spent in this place.
 D = Time resting spent in this place.
 E = Time spent auto-exploring this place.
 F = Levels seen in this place.
 G = Mean time per level.
                   A        B        C        D        E       F      G
               +--------+--------+--------+--------+--------+-----+--------+
         Total |   2398 |   1614 |    784 |      0 |   1215 |   4 |  599.5 |
       Dungeon |   2398 |   1614 |    784 |      0 |   1215 |   4 |  599.5 |
               +--------+--------+--------+--------+--------+-----+--------+

Top non-repeatable levels by time:
     D:2: 975 daAuts
     D:3: 875 daAuts
     D:1: 433 daAuts
     D:4: 114 daAuts
